 Dungeon Crawl Stone Soup version 0.30-a0-782-ge64f9170bb (webtiles) character file.

Game seed: 7185896906810904134

366 Drevant2 the Cudgeller (level 6, -2/53 HPs)
             Began as a Gnoll Cinder Acolyte on Feb 18, 2023.
             Was an Elder of Ignis.
             Slain by an ogre
             ... wielding a +0 giant spiked club
              (8 damage)
             ... on level 3 of the Dungeon.
             The game lasted 00:07:19 (3011 turns).

Drevant2 the Cudgeller (Gnoll Cinder Acolyte)       Turns: 3011, Time: 00:07:19

Health: -2/53      AC:  6    Str: 14    XL:     6   Next: 68%
Magic:  11/11      EV: 10    Int: 13    God:    Ignis [****..]
Gold:   160        SH:  0    Dex:  9    Spells: 12/12 levels left

rFire   + + +      SeeInvis .    a - -1 mace (flame)
rCold   + . .      Faith    .    (no shield)
rNeg    . . .      Spirit   .    n - +0 ring mail {rF+}
rPois   +          Reflect  .    (no helmet)
rElec   +          Harm     .    s - +0 cloak
rCorr   +          Rampage  .    (no gloves)
Will    +....                    (no boots)
Stlth   +                        (no amulet)
HPRegen 0.28/turn                d - ring of willpower
MPRegen 0.12/turn                (no ring)

@: brilliant, resistant
A: fangs 1, strong nose, distributed training
a: Renounce Religion, Fiery Armour, Foxfire Swarm, Rising Flame


You were on level 3 of the Dungeon.
You worshipped Ignis.
Ignis was greatly pleased with you.
You visited 1 branch of the dungeon, and saw 4 of its levels.

You collected 160 gold pieces.

Inventory:

Hand Weapons
 a - a -1 mace of flaming (weapon)
 k - a +0 vampiric short sword
Armour
 b - a +0 robe
 n - a +0 ring mail of fire resistance (worn)
 s - a +0 cloak (worn)
Jewellery
 d - a ring of willpower (left hand)
 o - an amulet of regeneration
Wands
 t - a wand of charming (7)
 v - a wand of polymorph (4)
Scrolls
 c - 3 scrolls of fog {unknown}
 e - a scroll of immolation {unknown}
 f - a scroll of poison {unknown}
 h - a scroll of fear {unknown}
 i - a scroll of noise {unknown}
 j - a scroll of enchant armour {unknown}
 l - 3 scrolls of identify {unknown}
 m - a scroll of magic mapping {unknown}
 p - 2 scrolls of teleportation {unknown}
Potions
 g - a potion of mutation {unknown}
 q - 2 potions of brilliance
 r - a potion of haste {unknown}


   Skills:
 + Level 6.9 Fighting
 + Level 2.1 Short Blades
 + Level 2.1 Long Blades
 + Level 2.1 Axes
 + Level 6.9 Maces & Flails
 + Level 2.1 Polearms
 + Level 2.1 Staves
 + Level 2.1 Ranged Weapons
 + Level 2.1 Throwing
 + Level 2.1 Armour
 + Level 2.1 Dodging
 + Level 2.1 Stealth
 + Level 2.1 Shields
 + Level 2.1 Unarmed Combat
 + Level 3.5 Spellcasting
 + Level 1.7 Conjurations
 + Level 1.7 Hexes
 + Level 1.7 Summonings
 + Level 1.7 Necromancy
 + Level 1.7 Translocations
 + Level 1.7 Transmutations
 + Level 5.7 Fire Magic
 + Level 1.7 Ice Magic
 + Level 1.7 Air Magic
 + Level 1.7 Earth Magic
 + Level 1.7 Poison Magic
 + Level 2.4 Invocations
 + Level 2.1 Evocations


You had 12 spell levels left.
You didn't know any spells.
Your spell library contained the following spells:

 Spells                   Type           Power      Damage    Failure   Level
 Scorch                   Fire           50%        2d7       6%          2
 Summon Small Mammal      Summ           40%        N/A       22%         1
 Ignite Poison            Fire/Tmut/Pois 15%        N/A       36%         3
 Call Canine Familiar     Summ           10%        N/A       54%         3
 Portal Projectile        Hex/Tloc       20%        N/A       54%         3
 Stone Arrow              Conj/Erth      20%        3d8       54%         3
 Summon Guardian Golem    Hex/Summ       10%        N/A       54%         3
 Sticky Flame             Conj/Fire      18%        2d4       67%         4
 Animate Armour           Summ/Erth      20%        N/A       91%         4
 Leda's Liquefaction      Hex/Erth       5%         N/A       91%         4
 Ignition                 Fire           12%        3d6       100%        8
 Lehudib's Crystal Spear  Conj/Erth      5%         10d3      100%        8


Dungeon Overview and Level Annotations

Branches:
Dungeon (4/15)
 Temple: D:4-7

Altars:
Cheibriados
Dithmenos
Makhleb


Innate Abilities, Weirdness & Mutations

You have very sharp teeth.
Your uncanny sense of smell can sniff out nearby items.
Your experience applies equally to all skills.


Message History

The orc is moderately wounded.
The orc barely misses you. The hobgoblin hits you.
You hit the orc. You burn the orc.
You kill the orc!
The hobgoblin hits you but does no damage.
You hit the hobgoblin but do no damage. The hobgoblin hits you.
The hobgoblin hits you but does no damage.
You hit the hobgoblin. You burn the hobgoblin.
You kill the hobgoblin!
No target in view!
No target in view!
You start resting.
HP restored.
f - a scroll labelled ONUIPR ZAPY
Items here: ) [ ††.
There is an open door here.
There is an open door here.
There is a stone staircase leading down here.
You climb downwards.
The jelly quivers.
The ogre shouts!
The ball python hisses angrily.
A jelly comes into view.
The ogre hits you with a +0 giant spiked club!!
Ouch! That really hurt!
* * * LOW HITPOINT WARNING * * *
An adder comes into view.
The jelly quivers.
The adder hisses angrily.
Found 8 stones, a hand axe and 2 yellow potions.
There is a stone staircase leading up, spattered with blood here.
The ogre hits you with a +0 giant spiked club!
* * * LOW HITPOINT WARNING * * *
You climb upwards.
There is a stone staircase leading down here.
It was a potion of brilliance.
You feel clever all of a sudden.
It was a potion of resistance.
You feel protected.
The ogre hits you with a +0 giant spiked club!
You die...

############ #... #..........#
#... #..........#
#############... #..........#
#...........'... #..........#
#.###########...
#..........####.###### #...
#..........+......[..# ##+#
#..........###O.####.### #.#
#..........##@.........#####.#
#............#####.#.#.......#
#............# #......#####..#
##########...# #.#...######..#
#.....'...# #.#............
#.#####...###....##########
#.# #...........'..#.....# #.#
#.####.##...####~~~~~' #.#
#......##...'..#.....#


You could see an ogre.

Vanquished Creatures
  Menkaure (D:4)
  The ghost of gorillaNest the Magician, an amateur DEFE (D:3)
  An iron imp (D:3)
  Robin (D:2)
  3 adders
  An ufetubus (D:4)
  A dart slug (D:2)
  6 orcs
  13 ball pythons
  3 endoplasms (D:1)
  2 giant cockroaches
  17 goblins
  12 hobgoblins
  6 jackals (D:1)
  5 bats
  3 frilled lizards
  5 kobolds
  8 rats
89 creatures vanquished.

Vanquished Creatures (others)
  25 foxfires
25 creatures vanquished.

Grand Total: 114 creatures vanquished

Notes
Turn   | Place    | Note
-------+----------+-------------------------------------------
     0 | D:1      | Drevant2 the Gnoll Cinder Acolyte began the quest for the
                  | Orb.
     0 | D:1      | Reached XP level 1. HP: 23/23 MP: 4/4
   114 | D:1      | Reached XP level 2. HP: 28/29 MP: 5/5
   510 | D:1      | Reached XP level 3. HP: 35/35 MP: 7/7
   692 | D:1      | Reached skill level 1 in Invocations
   901 | D:2      | Reached skill level 1 in Short Blades
   901 | D:2      | Reached skill level 1 in Long Blades
   901 | D:2      | Reached skill level 1 in Axes
   901 | D:2      | Reached skill level 1 in Polearms
   901 | D:2      | Reached skill level 1 in Staves
   901 | D:2      | Reached skill level 1 in Ranged Weapons
   901 | D:2      | Reached skill level 1 in Throwing
   901 | D:2      | Reached skill level 1 in Armour
   901 | D:2      | Reached skill level 1 in Dodging
   901 | D:2      | Reached skill level 1 in Stealth
   901 | D:2      | Reached skill level 1 in Shields
   901 | D:2      | Reached skill level 1 in Unarmed Combat
   901 | D:2      | Reached skill level 1 in Evocations
  1116 | D:2      | Reached XP level 4. HP: 41/41 MP: 8/8
  1165 | D:2      | Noticed Robin
  1169 | D:2      | Killed Robin
  1196 | D:2      | Reached skill level 1 in Conjurations
  1196 | D:2      | Reached skill level 1 in Hexes
  1196 | D:2      | Reached skill level 1 in Summonings
  1196 | D:2      | Reached skill level 1 in Necromancy
  1196 | D:2      | Reached skill level 1 in Translocations
  1196 | D:2      | Reached skill level 1 in Transmutations
  1196 | D:2      | Reached skill level 1 in Ice Magic
  1196 | D:2      | Reached skill level 1 in Air Magic
  1196 | D:2      | Reached skill level 1 in Earth Magic
  1196 | D:2      | Reached skill level 1 in Poison Magic
  1806 | D:3      | Found a snail-covered altar of Cheibriados.
  1832 | D:3      | Found a burning altar of Makhleb.
  1912 | D:3      | Reached XP level 5. HP: 29/47 MP: 9/9
  2019 | D:3      | Found a runed translucent door.
  2026 | D:3      | Noticed gorillaNest's ghost (amateur DEFE)
  2048 | D:3      | Found a shadowy altar of Dithmenos.
  2239 | D:3      | Found a faded altar of an unknown god.
  2551 | D:3      | Killed gorillaNest's ghost
  2552 | D:3      | Reached XP level 6. HP: 53/53 MP: 9/11
  2661 | D:4      | Noticed Menkaure
  2780 | D:4      | Killed Menkaure
  3011 | D:3      | Slain by an ogre

Illustrated notes

Levels and vault maps discovered:
D:1:      co_arrival_random_square_maze, layout_loops_ring
D:2:      layout_rooms, uniq_robin
D:3:      layout_basic, mainiacjoe_overflow_boulevard,
          mainiacjoe_overflow_small_starburst, slow_altar_1,
          basic_ecumenical_altar, ebering_ghost_reflecting_pool
D:4:      layout_rooms, nicolae_elyvilon_peaceful_grove, minmay_ruined_shrine,
          uniq_menkaure, uniq_edmund, uniq_natasha

Skill      XL: |  1  2  3  4  5  6 |
---------------+-------------------+-----
Invocations    | 1 2 |  2.4
Short Blades   | 1 2 |  2.1
Long Blades    | 1 2 |  2.1
Axes           | 1 2 |  2.1
Polearms       | 1 2 |  2.1
Staves         | 1 2 |  2.1
Ranged Weapons | 1 2 |  2.1
Throwing       | 1 2 |  2.1
Armour         | 1 2 |  2.1
Dodging        | 1 2 |  2.1
Stealth        | 1 2 |  2.1
Shields        | 1 2 |  2.1
Unarmed Combat | 1 2 |  2.1
Evocations     | 1 2 |  2.1
Spellcasting   | 3 |  3.5
Conjurations   | 1 |  1.7
Hexes          | 1 |  1.7
Summonings     | 1 |  1.7
Necromancy     | 1 |  1.7
Translocations | 1 |  1.7
Transmutations | 1 |  1.7
Ice Magic      | 1 |  1.7
Air Magic      | 1 |  1.7
Earth Magic    | 1 |  1.7
Poison Magic   | 1 |  1.7
Fighting       | |  6.9
Maces & Flails | |  6.9
Fire Magic     | |  5.7

Action                     |  1- 3 |  4- 6 || total
---------------------------+-------+-------++-------
  Melee: Mace              |   107 |   149 ||   256
         Bite              |     7 |    10 ||    17
         Punch             |     1 |     1 ||     2
  Throw: Javelin           |     4 |     9 ||    13
 Invoke: Fiery Armour      |       |     1 ||     1
         Foxfire Swarm     |       |     2 ||     2
    Use: Potion            |       |     2 ||     2
   Stab: Sleeping          |     1 |       ||     1
 Armour: Robe              |    15 |     6 ||    21
         Ring mail         |       |    43 ||    43
  Dodge: Dodged            |    78 |    75 ||   153

Table legend: (Time is in decaauts)
 A = Elapsed time spent in this place.
 B = Non-inter-level travel time spent in this place.
 C = Inter-level travel time spent in this place.
 D = Time resting spent in this place.
 E = Time spent auto-exploring this place.
 F = Levels seen in this place.
 G = Mean time per level.
                   A        B        C        D        E       F      G
               +--------+--------+--------+--------+--------+-----+--------+
         Total |   3034 |   2620 |    414 |    512 |   1503 |   4 |  758.5 |
       Dungeon |   3034 |   2620 |    414 |    512 |   1503 |   4 |  758.5 |
               +--------+--------+--------+--------+--------+-----+--------+

Top non-repeatable levels by time:
     D:3: 1276 daAuts
     D:1: 938 daAuts
     D:2: 748 daAuts
     D:4: 71 daAuts
